 Dungeon Crawl Stone Soup version 0.25.0-26-g0c896c7 (webtiles) character file.

Game seed: 7241967328923812166

138 vertexvortex the Conjurer (level 5, -2/28 HPs)
             Began as a Deep Elf Conjurer on June 30, 2020.
             Slain by an ogre
             ... wielding a +0 giant club
              (18 damage)
             ... on level 3 of the Dungeon.
             The game lasted 00:11:26 (2983 turns).

vertexvortex the Conjurer (Deep Elf Conjurer)       Turns: 2983, Time: 00:11:26

Health: -2/28      AC:  6    Str:  6    XL:     5   Next: 1%
Magic:  3/11       EV: 13    Int: 20    God:
Gold:   142        SH:  0    Dex: 15    Spells: 0/10 levels left

rFire    . . .     SeeInvis .   (no weapon)
rCold    . . .     Gourm    .   (no shield)
rNeg     . . .     Faith    .   a - +0 robe
rPois    .         Spirit   .   (no helmet)
rElec    .         Reflect  .   (no cloak)
rCorr    .         Harm     .   j - +2 pair of gloves
MR       .....                  e - +0 pair of boots
Stlth    ++........             v - amulet of magic regeneration
HPRegen  0.09/turn              i - ring of wizardry
MPRegen  0.37/turn              (no ring)

@: very slightly contaminated
A: no striking features
a: no special abilities


You were on level 3 of the Dungeon.
You were hungry.

You visited 1 branch of the dungeon, and saw 3 of its levels.

You collected 142 gold pieces.

Inventory:

Hand Weapons
 n - a +0 hunting sling
Missiles
 g - 6 poisoned darts (quivered)
 o - 68 stones
Armour
 a - a +0 robe (worn)
 e - a +0 pair of boots (worn)
 j - a +2 pair of gloves (worn)
Jewellery
 i - a ring of wizardry (left hand)
 v - an amulet of magic regeneration (around neck)
Scrolls
 f - a scroll of teleportation {unknown}
 k - 4 scrolls of identify {unknown}
 q - a scroll of amnesia {unknown}
 r - 4 scrolls of fog {unknown}
 s - a scroll of blinking {unknown}
 w - a scroll of enchant armour {unknown}
 y - a scroll of enchant weapon {unknown}
 B - a scroll of random uselessness {unknown}
Potions
 b - 2 potions of heal wounds {unknown}
 d - a potion of stabbing {unknown}
 h - 3 potions of curing {unknown}
 l - 2 potions of lignification {unknown}
 m - a potion of berserk rage {unknown}
 p - 2 potions of resistance {unknown}
 u - a potion of mutation {unknown}
 x - 2 potions of flight {unknown}
 z - a potion of brilliance {unknown}
 A - a potion of ambrosia {unknown}
Comestibles
 c - 6 rations


   Skills:
 - Level 2.4 Dodging
 - Level 2.4 Stealth
 - Level 3.0 Spellcasting
 + Level 6.8 Conjurations
 * Level 0.9 Translocations


You couldn't memorise any spells.
You knew the following spells:

 Your Spells              Type           Power        Failure   Level  Hunger
a - Magic Dart            Conj           ####         1%          1    None
b - Searing Ray           Conj           ####..       1%          2    ##.....
c - Iskenderun's Mystic   Conj/Tloc      ###.....     12%         4    ####...
d - Dazzling Flash        Conj/Hex       ###...       4%          3    ###....

Your spell library contained the following spells:

 Spells                   Type           Power        Failure   Level  Hunger
 Fulminant Prism          Conj/Hex       ###.......   14%         4    ####...


Dungeon Overview and Level Annotations

Branches:
Dungeon (3/15)

Altars:

Annotations:
D:3 Sigmund


Message History

The ogre is heavily wounded.
Casting: Magic Dart (safe; 1% risk of failure)
Confirm with . or Enter, or press ? or * to list all spells.
Okay, then.
Casting: Magic Dart (safe; 1% risk of failure)
Confirm with . or Enter, or press ? or * to list all spells.
The ogre is dazzled.
Casting: Dazzling Flash (dangerous; 4% risk of failure)
Confirm with . or Enter, or press ? or * to list all spells.
The spell is extremely dangerous to cast (12% risk of failure)!
Continue anyway?
You miscast Iskenderun's Mystic Blast.
You are very lightly contaminated with residual magic.
Nothing appears to happen.
The ogre hits you with a +0 giant club!
The ogre is no longer blind.
Casting: Iskenderun's Mystic Blast (extremely dangerous; 12% risk of failure)
Confirm with . or Enter, or press ? or * to list all spells.
You are feeling hungry.
The ogre hits you with a +0 giant club!!
Ouch! That really hurt!
You die...

#.#.... #.........####
.#.#. ##...<..)## #
... ##.....## #$#
##...## #.# ##'## #.#
#.# #.# #.#
#.###########.##
#.#.O@.....#...##
#.#.######......#
#.#.######.#...#######
#.......##.##.###.....
###.###.##.##.###.###.
#.# #...........# #.
#.######.##.###.###.
#........##.# #.....
###########.# ######


You could see an ogre.

Vanquished Creatures
  6 adders
  2 oozes
  A dart slug (D:3)
  6 orcs (D:3)
  5 giant cockroaches
  5 goblins
  5 hobgoblins
  9 jackals
  9 kobolds
  6 bats
  7 frilled lizards
  8 rats
69 creatures vanquished.

Notes
Turn   | Place    | Note
-------+----------+-------------------------------------------
     0 | D:1      | vertexvortex the Deep Elf Conjurer began the quest for the
                  | Orb.
     0 | D:1      | Reached XP level 1. HP: 10/10 MP: 6/6
   160 | D:1      | Reached XP level 2. HP: 15/15 MP: 5/8
   164 | D:1      | Learned a level 2 spell: Searing Ray
   236 | D:1      | Reached skill level 5 in Conjurations
   932 | D:2      | Reached XP level 3. HP: 19/19 MP: 4/9
  1245 | D:2      | Reached skill level 6 in Conjurations
  1421 | D:2      | Reached XP level 4. HP: 24/24 MP: 7/10
  1979 | D:3      | Noticed an ogre
  2080 | D:3      | Learned a level 4 spell: Iskenderun's Mystic Blast
  2465 | D:3      | Noticed Sigmund
  2831 | D:3      | Reached XP level 5. HP: 28/28 MP: 6/11
  2964 | D:3      | Learned a level 3 spell: Dazzling Flash
  2983 | D:3      | Slain by an ogre

Illustrated notes

Levels and vault maps discovered:
D:1:      sevenhm_arrival_forest_fort_small_5, layout_rooms, minmay_crystal_room
D:2:      layout_loops_corners, first_ration, kennysheep_decorative_pillar
D:3:      layout_loops_corners, serial_park_tiny_2, roderic_serpentine_path,
          uniq_sigmund

Skill      XL: |  1  2  3 |
---------------+----------+-----
Conjurations   | 5 6 |  6.8
Dodging        | |  2.4
Stealth        | |  2.4
Spellcasting   | |  3.0
Translocations | |  0.9

Action                   |  1- 3 |  4- 6 || total
-------------------------+-------+-------++-------
 Cast: Magic Dart        |    63 |    52 ||   115
       Searing Ray       |     1 |     3 ||     4
       Dazzling Flash    |       |     2 ||     2
  Eat: Chunk             |     1 |     5 ||     6
Dodge: Dodged            |     6 |     1 ||     7
